Cogmind - Beta 15 @@@ ROGUE MODE // 2025.08.31 @ 04:19:28 // Winter2019/RPGLIKE Player: Toaster Result: Destroyed by P-80 Master with Gamma Rifle Performance ------------- Evolutions (7) 3500 Regions Visited (16) 3200 Robots Destroyed (359) 1795 Value Destroyed (17015) 17015 Prototype IDs (52) 1040 Alien Tech Used (1) 200 Bonus (4077) 4077 TOTAL SCORE: 30827 Bonus ------- High Alert Combat Kills 2981 Follower Combat Kills 496 Registered with UFD 300 Met Data Miner 300 Cogmind --------- Core Integrity 0/1150 Matter 236/300 Energy 756/765 System Corruption 0% Temperature Warm (124) Movement Immobile (Siege) Location -3/Research Parts ------- > --- POWER (3) -------- Fission Core Neutrino Core Heavy Antimatter Reactor > --- PROPULSION (5) --- Medium Treads Improved Heavy Siege Treads > --- UTILITY (8) ------ Advanced Cryofiber Web Experimental Signal Interpreter Improved Particle Charger Improved Particle Charger Advanced Particle Charger Advanced Corruption Screen > --- WEAPON (5) ------- Advanced Plasma Cannon Heavy Phase Cannon Heavy Phase Cannon Heavy Phase Cannon Linear Accelerator > --- INVENTORY (2) ---- Armored Wheel Peak State ------------ > --- POWER ------------ Fission Core Neutrino Core Heavy Antimatter Reactor > --- PROPULSION ------- Improved Heavy Siege Treads Myomer Leg Myomer Leg Biometal Leg > --- UTILITY ---------- Advanced Cryofiber Web Experimental Signal Interpreter Improved Particle Charger Improved Particle Charger Advanced Particle Charger Enhanced Scrap Shield Advanced Corruption Screen > --- WEAPON ----------- Advanced Plasma Cannon Heavy Phase Cannon Heavy Phase Cannon Heavy Phase Cannon Linear Accelerator > --- INVENTORY -------- (None) [Rating: 141] Favorites ----------- Power Fission Core Engine Ion Engine Power Core Fission Core Reactor Heavy Antimatter Reactor Propulsion Flexi-carbon Leg Treads Improved Heavy Siege Treads Leg Flexi-carbon Leg Wheel Subdweller Monowheel Utility Improved Particle Charger Device Improved Particle Charger Storage Compact Battery Processor Experimental Signal Interpreter Protection Scrap Shield Weapon Heavy Phase Cannon Energy Gun Cooled Plasma Rifle Energy Cannon Heavy Phase Cannon Ballistic Gun Barrage Gun Ballistic Cannon Assault Cannon Launcher Grenade Launcher Special Weapon Mining Laser Build | -11 -10 -10 -8 -8 -6 -6 -6 -6 -5 -5 -5 -5 -5 -4 -4 -3 ------- Run | Yrd Mat Sub Rec Scr Fac Low Low Dat Pro Fac Upp Upp Zhi Pro Fac Res Slots Evolved 17 | 2 . 3 3 . 1 2 1 . . 4 . . 1 . . . Power 2 | . . . . . . 1 . . . 1 . . . . . . Propulsion 4 | 1 . . 1 . . . 1 . . 1 . . . . . . Utility 7 | . . 3 1 . . 1 . . . 1 . . 1 . . . Weapon 4 | 1 . . 1 . 1 . . . . 1 . . . . . . Parts Attached 84 | 5 7 8 9 3 6 6 2 . 2 15 1 . 4 2 8 6 Power 9 | 1 . . 1 . 1 1 1 . . 1 . . 1 . 2 . Engine 4 | 1 . . 1 . . 1 1 . . . . . . . . . Core 4 | . . . . . 1 . . . . 1 . . . . 2 . Reactor 1 | . . . . . . . . . . . . . 1 . . . Propulsion 25 | 2 . 3 3 2 1 . 1 . . 6 . . . 1 3 3 Treads 2 | . . . . . . . . . . . . . . . . 2 Leg 20 | 2 . . 3 2 1 . 1 . . 6 . . . 1 3 1 Wheel 3 | . . 3 . . . . . . . . . . . . . . Hover . | . . . . . . . . . . . . . . . . . Flight . | . . . . . . . . . . . . . . . . . Utility 22 | . 3 2 3 1 . 5 . . . 1 . . 3 1 2 1 Device 10 | . 1 . 1 . . 2 . . . 1 . . 2 1 2 . Storage 5 | . 2 . . . . 2 . . . . . . 1 . . . Processor 2 | . . . . 1 . . . . . . . . . . . 1 Hackware . | . . . . . . . . . . . . . . . . . Protection 5 | . . 2 2 . . 1 . . . . . . . . . . Artifact . | . . . . . . . . . . . . . . . . . Weapon 28 | 2 4 3 2 . 4 . . . 2 7 1 . . . 1 2 Energy Gun 8 | 2 2 . . . 2 . . . 1 1 . . . . . . Energy Cannon 11 | . . . 1 . 2 . . . 1 5 1 . . . 1 . Ballistic Gun 2 | . . 2 . . . . . . . . . . . . . . Ballistic Cannon 5 | . . 1 1 . . . . . . 1 . . . . . 2 Launcher 1 | . 1 . . . . . . . . . . . . . . . Special Weapon 1 | . 1 . . . . . . . . . . . . . . . Impact Weapon . | . . . . . . . . . . . . . . . . . Slashing Weapon . | . . . . . . . . . . . . . . . . . Piercing Weapon . | . . . . . . . . . . . . . . . . . Special Melee Weapon . | . . . . . . . . . . . . . . . . . Unidentified Prototypes 8 | . . . . . 2 1 . . . 1 . . 4 . . . Corrupted Parts 1 | . . . . . . . . . 1 . . . . . . . System Corruption 1 | . . . . . . . . . 1 . . . . . . . Parts Lost 2 | . . . . . . . . . . . . . . 1 . 1 Power . | . . . . . . . . . . . . . . . . . Propulsion . | . . . . . . . . . . . . . . . . . Utility 2 | . . . . . . . . . . . . . . 1 . 1 Weapon . | . . . . . . . . . . . . . . . . . Highest Loss Streak 1 | . . . . . . . . . . . . . . 1 . 1 To Critical Strikes . | . . . . . . . . . . . . . . . . . Average Backups 1 | . . . 1 . 1 1 1 1 1 1 2 2 1 1 . 1 Power . | . . . . . . . . . . . . . . . . . Propulsion . | . . . . . . . . . . . . . . . . . Utility . | . . . 1 . 1 1 1 1 1 . 1 1 . . . . Weapon . | . . . . . . . . . . . 1 1 1 1 . . Tool/Special . | . . . . . . . . . . . . . . . . . Unused Backups 1 | . . . . . . . . . . . . . . . . 1 Power . | . . . . . . . . . . . . . . . . . Propulsion 1 | . . . . . . . . . . . . . . . . 1 Utility . | . . . . . . . . . . . . . . . . . Weapon . | . . . . . . . . . . . . . . . . . Tool/Special . | . . . . . . . . . . . . . . . . . Average Slot Usage (%) 88 | . 98 72 82 90 91 92 92 93 93 94 95 91 89 88 94 90 Engine 6 | . 16 11 9 8 2 3 6 6 6 5 5 1 . . . . Core 4 | . . . . . 5 6 6 6 6 6 10 10 6 4 8 9 Leg 21 | . 33 5 20 25 23 20 24 25 25 25 25 25 24 22 23 16 Wheel 2 | . . 15 4 . . . . . . . . . . . . . Device 9 | . 12 . 6 3 . 6 9 6 6 13 15 15 16 20 22 21 Processor 3 | . . . . 4 7 6 6 6 6 5 5 5 4 4 4 5 Protection 14 | . . 20 16 25 23 16 14 18 18 12 10 10 9 5 4 3 Energy Gun 5 | . 27 . . . 3 13 12 12 7 5 4 5 4 4 3 . Energy Cannon 8 | . . . 7 8 11 6 6 6 10 12 15 15 14 14 15 19 Ballistic Gun 1 | . . 6 1 . . . . . . . . . . . . . Ballistic Cannon 7 | . . 6 16 16 11 6 6 6 6 3 5 5 4 4 4 3 Peak Build Rating 141 | 5 8 18 34 39 54 72 75 72 74 108 109 109 116 116 131 141 Average Rating 63 | 3 7 15 27 36 46 67 73 72 71 92 108 106 108 113 126 130 On Entrance 66 | . 5 6 18 34 39 53 70 72 72 74 108 109 105 111 116 131 Naked Turns . | . . . . . . . . . . . . . . . . . Heaviest Build 122 | 9 13 47 59 59 63 69 73 72 75 111 111 111 113 102 119 122 Greatest Support 143 | 20 20 30 59 62 65 70 85 85 85 115 115 115 115 120 135 143 Greatest Overweight (x) 4 | 2 . 3 4 1 1 1 . . . 1 . . . 1 1 1 Average Overweight (x) . | . . 2 . . . . . . . . . . . . . . Largest Inventory Capacity 2 | 1 1 1 2 2 2 2 2 2 2 2 2 2 2 2 2 2 Average Capacity 1 | 1 1 1 1 2 2 2 2 2 2 2 2 2 2 2 2 2 Most Carried 2 | . 1 1 2 2 2 2 2 1 2 2 2 2 2 2 2 2 Average Carried 1 | . . . 1 . 1 1 1 1 1 1 1 2 1 1 . 1 Final Capacity 2 | 1 1 1 2 2 2 2 2 2 2 2 2 2 2 2 2 2 Final Carried 2 | . 1 1 2 1 2 2 1 1 2 2 2 2 1 1 2 1 Class Distribution -------------------- 36% | Gunner 18% | Commander-Tank 14% | Scavenger-Gunner 14% | Subdweller-Mutant 8% | Mutant 4% | Commander-Gunner Dominant Class ---------------- Mutant | -10/Materials Subdweller-Mutant | -10/Subcaves Commander-Tank | -8/Recycling Commander-Tank | -8/Scraptown Commander-Tank | -6/Factory Gunner | -6/Lower Caves Gunner | -6/Lower Caves Gunner | -6/Data Miner Gunner | -5/Proximity Caves Gunner | -5/Factory Scavenger-Gunner | -5/Upper Caves Gunner | -5/Upper Caves Gunner | -5/Zhirov Gunner | -4/Proximity Caves Scavenger-Gunner | -4/Factory Scavenger-Gunner | -3/Research Resources | -11 -10 -10 -8 -8 -6 -6 -6 -6 -5 -5 -5 -5 -5 -4 -4 -3 ----------- Run | Yrd Mat Sub Rec Scr Fac Low Low Dat Pro Fac Upp Upp Zhi Pro Fac Res Matter Collected 4575 | 216 339 569 257 30 220 265 175 . 224 691 48 231 . 255 510 545 Remotely . | . . . . . . . . . . . . . . . . . Salvage Created 15261 | . 733 278 641 . 515 776 790 . 610 2953 321 1538 . 350 3006 2750 Parts 722 | . 53 33 40 . 37 35 50 . 35 149 9 44 . 27 116 94 Haulers Intercepted 2 | . 2 . . . . . . . . . . . . . . . Recyclers Shooed 9 | . . . 4 . 1 1 . . . 1 . . . . 2 . Parts Field Recycled . | . . . . . . . . . . . . . . . . . Retrieved Matter . | . . . . . . . . . . . . . . . . . Parts Self-Destructed 178 | . . 14 . . . 25 32 . 34 . 7 39 . 27 . . Prevented 19 | . . . . . . 11 3 . 5 . . . . . . . Kills | -11 -10 -10 -8 -8 -6 -6 -6 -6 -5 -5 -5 -5 -5 -4 -4 -3 ------- Run | Yrd Mat Sub Rec Scr Fac Low Low Dat Pro Fac Upp Upp Zhi Pro Fac Res Combat Hostiles Destroyed 305 | . 19 17 12 . 13 16 19 . 19 52 3 31 . 14 48 42 Guns 84 | . 15 3 1 . 2 9 11 . 7 10 1 11 . 2 12 . Cannons 187 | . . 3 11 . 11 7 8 . 10 38 1 19 . 10 30 39 AOE 17 | . 4 11 . . . . . . . . . . . . 2 . Classes Destroyed 26 | . 6 2 6 . 1 1 1 . 2 3 . 1 . 1 1 1 Worker 12 | . 1 . . . . . . . . 8 . . . . 2 1 Builder 9 | . . . 1 . . . . . . 4 . . . . 3 1 Tunneler 2 | . . . . . . . . . . 1 . . . . . 1 Hauler 2 | . 2 . . . . . . . . . . . . . . . Recycler 9 | . . . 2 . . . . . . 3 . . . . 3 1 Carrier 1 | . . . . . . . . . . . . . . . . 1 Minesweeper 1 | . . . . . . . . . 1 . . . . . . . Mechanic 1 | . . . . . . . . . . 1 . . . . . . Operator 6 | . 2 . . . . . . . . 1 . . . . 2 1 Drone 2 | . . . . . . . . . . . . . . 2 . . Turret 2 | . . 2 . . . . . . . . . . . . . . Watcher 13 | . 3 . . . 1 . . . . 2 . . . . 4 3 Swarmer 53 | . 6 4 . . 4 1 6 . 10 5 . 4 . 2 5 6 Grunt 121 | . 13 . 2 . 7 12 6 . 5 15 . 15 . 4 26 16 Brawler 11 | . . . . . . . . . 1 3 . 3 . . 1 3 Duelist 10 | . . . . . . 2 . . 2 1 . 1 . . 3 1 Protector 5 | . . . 1 . . . 1 . . . . 1 . . 1 1 Sentry 19 | . . . 3 . . 1 . . 1 3 1 2 . 1 3 4 Demolisher 1 | . . . 1 . . . . . . . . . . . . . Specialist 2 | . . . . . . . . . . . . . . . 2 . Hunter 26 | . . . . . . . 1 . . 15 1 . . 2 1 6 Programmer 28 | . . . 5 . 1 . 2 . . 9 1 . . 2 4 4 Heavy 2 | . . . . . . . . . . 1 . . . . 1 . Behemoth 4 | . . . . . 1 . . . . . . . . 1 1 1 Subdweller 13 | . . 13 . . . . . . . . . . . . . . Packrat 2 | . . . . . . 2 . . . . . . . . . . Assembled 5 | . . . . . . . . . . . . 5 . . . . Thug 4 | . . . . . . . 4 . . . . . . . . . Best Kill Streak 15 | . 4 4 4 . 4 5 7 . 5 10 1 13 . 3 15 8 Combat Bots Only 13 | . 3 4 3 . 4 5 7 . 5 5 1 13 . 3 12 8 Max Kills in Single Turn 4 | . 2 1 2 . 2 2 3 . 1 4 1 2 . 2 3 2 Gunslinging . | . . . . . . . . . . . . . . . . . Exploded 2 | . 2 1 . . . . . . . . . . . . 2 . Melee . | . . . . . . . . . . . . . . . . . Uniques/NPCs Destroyed . | . . . . . . . . . . . . . . . . . Combat | -11 -10 -10 -8 -8 -6 -6 -6 -6 -5 -5 -5 -5 -5 -4 -4 -3 -------- Run | Yrd Mat Sub Rec Scr Fac Low Low Dat Pro Fac Upp Upp Zhi Pro Fac Res Hostile Shots Fired 1263 | . 80 97 22 . 97 90 77 . 43 137 7 60 . 67 172 314 Missed 436 | . 26 36 8 . 38 45 17 . 14 45 4 21 . 15 65 102 Hits 827 | . 54 61 14 . 59 45 60 . 29 92 3 39 . 52 107 212 Melee 4 | . . . . . . . . . . 1 . 1 . . . 2 Projectile 823 | . 54 61 14 . 59 45 60 . 29 91 3 38 . 52 107 210 Critical Strikes 26 | . 2 . . . 2 1 2 . . 4 . . . 3 4 8 Damage Taken 14143 | . 658 893 215 . 697 689 938 . 484 2137 60 777 . 859 2138 3598 Core 8785 | . 539 426 109 . 394 437 548 . 291 1223 28 461 . 522 1378 2429 Absorbed by Shields 511 | . . . 8 . 200 185 118 . . . . . . . . . Reduced by Siege Mode 57 | . . . . . . . . . . . . . . . . 57 Redirected to Core 7940 | . 360 418 109 . 366 403 469 . 211 1158 28 424 . 495 1265 2234 Ignored by Resistances 1297 | . . . . . 125 18 17 . 84 93 . . . 13 181 766 Core Remaining (%) 95 | 100 . . . 100 . . . . 88 . . . . 95 92 . Volleys Fired 552 | . 60 61 43 . 29 38 28 . 32 74 5 33 . 20 63 66 Largest 5 | . 2 2 3 . 4 4 4 . 4 5 5 5 . 5 5 5 Hottest 422 | . 100 61 145 . 255 252 252 . 286 389 389 389 . 389 415 422 Shots Fired 2007 | . 115 85 76 . 113 128 113 . 129 326 24 163 . 97 308 330 Gun 502 | . 110 24 11 . 25 60 57 . 40 75 5 31 . 17 47 . Cannon 1475 | . . 36 65 . 88 68 56 . 89 251 19 132 . 80 261 330 Launcher 29 | . 4 25 . . . . . . . . . . . . . . Special 1 | . 1 . . . . . . . . . . . . . . . Kinetic 481 | . . 60 43 . 33 31 28 . 33 68 4 33 . 20 62 66 Thermal 1324 | . 54 . 33 . 54 67 57 . 75 247 20 130 . 77 246 264 Explosive 29 | . 4 25 . . . . . . . . . . . . . . Electromagnetic 173 | . 57 . . . 26 30 28 . 21 11 . . . . . . Robot Hit Streak 65 | . 15 11 13 . 12 22 10 . 18 40 17 37 . 19 65 56 Robot Miss Streak 5 | . 4 2 5 . 3 2 3 . 3 2 1 2 . 3 2 1 Penetration Max 1 | . . . . . . . . . . 1 . . . . 1 . Secondary Targets 3 | . 3 . . . . . . . . . . . . . . . Max Gunslinging Chain 1 | . 1 . . . . . . . . . . . . . . . Shots Hit Robots 1207 | . 76 46 44 . 72 85 63 . 75 205 17 80 . 56 180 208 Core Hits 558 | . 47 28 37 . 26 34 30 . 26 93 6 40 . 18 87 86 Critical Kills 14 | . . . . . . 1 1 . 1 3 . 1 . . 4 3 Critical Parts Destroyed 1 | . . . . . . 1 . . . . . . . . . . Critical Strikes 61 | . 6 . 1 . 2 4 4 . 2 12 . 6 . 3 15 6 Burn 13 | . 5 . . . . . . . . 3 . 1 . . 4 . Meltdown 12 | . . . . . . . . . 1 3 . 1 . . 4 3 Destroy 3 | . . . . . . 2 1 . . . . . . . . . Blast 27 | . . . 1 . 2 1 . . . 6 . 4 . 3 7 3 Corrupt 6 | . 1 . . . . 1 3 . 1 . . . . . . . Melee Attacks . | . . . . . . . . . . . . . . . . . Impact . | . . . . . . . . . . . . . . . . . Slashing . | . . . . . . . . . . . . . . . . . Piercing . | . . . . . . . . . . . . . . . . . Sneak Attacks . | . . . . . . . . . . . . . . . . . Combat Hostiles . | . . . . . . . . . . . . . . . . . Follow-up Attacks . | . . . . . . . . . . . . . . . . . Damage Inflicted 52046 | . 1272 1740 1678 . 1844 2486 2050 . 2177 10175 798 4102 . 2540 10183 11001 Guns 12106 | . 1040 234 115 . 496 1177 1022 . 769 2858 200 1138 . 625 2432 . Cannons 37558 | . . 260 1170 . 1338 1309 1028 . 1408 7212 598 2964 . 1915 7368 10988 Explosions 1875 | . 223 1246 . . . . . . . 30 . . . . 376 . Melee . | . . . . . . . . . . . . . . . . . Ramming 507 | . 9 . 393 . 10 . . . . 75 . . . . 7 13 Kinetic 7389 | . . 494 643 . 392 464 435 . 324 1223 91 470 . 426 1003 1424 Thermal 40019 | . 479 . 642 . 987 1491 1198 . 1480 8552 707 3632 . 2114 9173 9564 Explosive 1448 | . 172 1246 . . . . . . . 30 . . . . . . Electromagnetic 2683 | . 612 . . . 455 531 417 . 373 295 . . . . . . Impact . | . . . . . . . . . . . . . . . . . Slashing . | . . . . . . . . . . . . . . . . . Piercing . | . . . . . . . . . . . . . . . . . Highest Corruption 3 | . . . 1 . . . 2 2 3 1 . . . . 1 1 Average Corruption 1 | . . . 1 . . . 1 2 2 1 . . . . 1 1 Corruption Purged 5 | . . . 1 . . . . . . 2 . . . . 1 1 Corruption Blocked 6 | . . . . . . . . . . . . . . . . 6 Effects 43 | . . . 5 . . . 13 . 24 1 . . . . . . Message Errors 8 | . . . 2 . . . 1 . 4 1 . . . . . . Matter Fused 4 | . . . . . . . 2 . 2 . . . . . . . Heat Flow Errors 4 | . . . . . . . 1 . 3 . . . . . . . Energy Discharges 6 | . . . . . . . 3 . 3 . . . . . . . Parts Fused 1 | . . . . . . . 1 . . . . . . . . . Data Loss (minor) 11 | . . . 1 . . . 3 . 7 . . . . . . . Data Loss (major) 4 | . . . 1 . . . . . 3 . . . . . . . Misfires 3 | . . . 1 . . . 1 . 1 . . . . . . . Alerts 1 | . . . . . . . 1 . . . . . . . . . Weapon Failures 1 | . . . . . . . . . 1 . . . . . . . Overload Shots 110 | . . . . . . . . . . 40 3 16 . 12 39 . Effects 6 | . . . . . . . . . . . 1 2 . 1 2 . Energy Bleed 2 | . . . . . . . . . . . . 1 . . 1 . Heat Surge 2 | . . . . . . . . . . . 1 . . 1 . . Short Circuit 2 | . . . . . . . . . . . . 1 . . 1 . Overflow Damage 1344 | . . 2 9 . 2 40 33 . 45 296 10 89 . 106 266 446 Projectiles 1307 | . . 2 8 . 2 40 33 . 45 296 10 89 . 106 230 446 Explosions 36 | . . . . . . . . . . . . . . . 36 . Melee 1 | . . . 1 . . . . . . . . . . . . . Knockbacks 54 | . . 4 5 . 4 2 5 . 2 8 . 3 . 3 2 16 Impact 6 | . . . 4 . . . . . . 2 . . . . . . Kinetic 45 | . . 4 1 . 4 2 5 . 2 5 . 3 . 3 2 14 Secondary 3 | . . . . . . . . . . 1 . . . . . 2 Self-Inflicted Damage 84 | . 45 21 18 . . . . . . . . . . . . . Shots 3 | . 1 2 . . . . . . . . . . . . . . Rammed 5 | . . . 4 . . . . . . . . . . . . 1 Targets Rammed 76 | 1 4 . 64 . 2 . . . . 3 . . . . 1 1 Kicked 71 | 1 4 . 60 . 2 . . . . 3 . . . . 1 . Crushed . | . . . . . . . . . . . . . . . . . Highest Temperature 354 | . 219 7 214 . 235 207 263 . 269 354 227 199 . 255 150 253 Average Temperature 75 | . 74 4 67 . 76 80 93 . 95 81 115 56 . 47 52 57 Received Heat Transfer 3517 | . 315 198 16 . 395 258 384 . 81 384 9 228 . 141 485 623 Effects 1 | . 1 . . . . . . . . . . . . . . . Energy Bleed 1 | . 1 . . . . . . . . . . . . . . . Siege Activations 6 | . . . . . . . . . . . . . . . . 6 Total Turns 114 | . . . . . . . . . . . . . . . . 114 Longest Duration 37 | . . . . . . . . . . . . . . . . 37 Martial Activations . | . . . . . . . . . . . . . . . . . Shielding Activations . | . . . . . . . . . . . . . . . . . Robots Disrupted . | . . . . . . . . . . . . . . . . . Combat Hostiles . | . . . . . . . . . . . . . . . . . Robots Corrupted 1 | . . . . . . . . . 1 . . . . . . . Combat Hostiles 1 | . . . . . . . . . 1 . . . . . . . Parts Fried 9 | . 3 . . . 1 . 1 . . 4 . . . . . . Impact Corruptions 1 | . . . 1 . . . . . . . . . . . . . Robots Melted 18 | . . . . . . . . . 1 4 1 1 . 2 6 3 Combat Hostiles 16 | . . . . . . . . . 1 4 1 1 . 2 4 3 Parts Melted 92 | . 4 . . . 2 4 1 . 4 21 1 5 . 4 28 18 Heat Transferred 40584 | . 1728 . 962 . 1443 1924 1359 . 1934 8879 667 3406 . 1947 8845 7490 Parts Sabotaged . | . . . . . . . . . . . . . . . . . Parts Stolen . | . . . . . . . . . . . . . . . . . Parts Stripped . | . . . . . . . . . . . . . . . . . Power Chain Reactions 1 | . 1 . . . . . . . . . . . . . . . Alert | -11 -10 -10 -8 -8 -6 -6 -6 -6 -5 -5 -5 -5 -5 -4 -4 -3 ------- Run | Yrd Mat Sub Rec Scr Fac Low Low Dat Pro Fac Upp Upp Zhi Pro Fac Res Maximum Alert Level 4 | . 1 . 1 . 1 . . . . 4 . . . . 3 4 Low Security (%) 54 | 100 70 . 83 . 85 . . . . 20 . . . . 26 . Level 1 19 | . 29 . 16 . 14 . . . . 44 . . . . 5 . Level 2 9 | . . . . . . . . . . 8 . . . . 17 50 Level 3 14 | . . . . . . . . . . 16 . . . . 51 38 Level 4 2 | . . . . . . . . . . 9 . . . . . 10 Level 5 . | . . . . . . . . . . . . . . . . . High Security . | . . . . . . . . . . . . . . . . . Max Security . | . . . . . . . . . . . . . . . . . Peak Influence 1294 | . 300 . 215 . 254 . . . . 1262 . . . . 1045 1294 Initial 542 | . . . 9 . . . . . . 171 . . . . . 542 Average 283 | . 119 . 77 . 74 . . . . 462 . . . . 559 716 Influence Increases 9094 | . 688 195 650 . 727 437 342 . 555 1721 90 571 . 307 1567 1244 Destroy 0b10 Robot/C 5860 | . 380 120 240 . 420 360 300 . 420 1040 60 500 . 240 940 840 Destroy 0b10 Robot/NC 390 | . 40 . 85 . 10 5 . . 5 100 10 5 . 10 75 45 Destroy Leader 982 | . 90 . . . 94 40 40 . 30 244 20 50 . 40 158 176 Allied During Kill 425 | . . . 186 . 174 17 2 . 10 18 . 16 . 2 . . Successful Hack 67 | . 13 . 8 . 12 . . . . 29 . . . . 5 . Select Force Hacks 180 | . 60 . 120 . . . . . . . . . . . . . Disable Machine 330 | . 45 . . . 15 . . . . 90 . . . . 165 15 Destroy Structure 590 | . 45 . 11 . 2 . . . . 200 . . . . 224 108 Lose Combat Pursuer 270 | . 15 75 . . . 15 . . 90 . . . . 15 . 60 Influence Decreases 7804 | . 415 448 471 199 507 533 466 . 282 740 947 528 440 307 534 987 Entered New Map 2023 | . . 132 11 199 . 82 25 . . 102 465 76 440 . . 491 Time Decay 5467 | . 415 316 424 . 329 451 421 . 262 618 482 452 . 277 534 486 Lost Part 20 | . . . . . . . . . . . . . . 10 . 10 Lost Ally 294 | . . . 36 . 178 . 20 . 20 20 . . . 20 . . Squads Dispatched 40 | . 4 . . . 5 . . . 1 12 . 1 . . 10 7 Investigation 4 | . 3 . . . . . . . . 1 . . . . . . Extermination 10 | . . . . . 3 . . . . 4 . . . . 2 1 Reinforcement 13 | . 1 . . . 2 . . . . 4 . . . . 4 2 Assault 12 | . . . . . . . . . 1 3 . 1 . . 3 4 Garrison 1 | . . . . . . . . . . . . . . . 1 . Intercept . | . . . . . . . . . . . . . . . . . Searches Triggered . | . . . . . . . . . . . . . . . . . Data Miner Redirects 2 | . . . . . . . . . . 2 . . . . . . Construction Impeded 5 | . . . . . 1 . . . . 2 . . . . 1 1 Haulers Reinforced 1 | . . . . . . . . . . . . . . . 1 . Active Scanning Responses . | . . . . . . . . . . . . . . . . . Cargo Convoy Interrupts 2 | . . . . . . . . . . 1 . . . . . 1 Stealth | -11 -10 -10 -8 -8 -6 -6 -6 -6 -5 -5 -5 -5 -5 -4 -4 -3 --------- Run | Yrd Mat Sub Rec Scr Fac Low Low Dat Pro Fac Upp Upp Zhi Pro Fac Res Distress Signals 13 | . . . 1 . . . . . . 3 . . . . 5 4 Communications Jammed . | . . . . . . . . . . . . . . . . . Distress Signals . | . . . . . . . . . . . . . . . . . Times Spotted 373 | . 27 19 13 . 24 19 20 . 24 52 3 31 . 13 56 72 Peak Tracking Total 12 | . 3 6 3 . 7 5 7 . 9 5 1 6 . 5 6 12 Tactical Retreats 10 | . 1 2 . . . 1 . . 2 . . . . 1 . 3 Traps | -11 -10 -10 -8 -8 -6 -6 -6 -6 -5 -5 -5 -5 -5 -4 -4 -3 ------- Run | Yrd Mat Sub Rec Scr Fac Low Low Dat Pro Fac Upp Upp Zhi Pro Fac Res Traps Triggered 9 | . 1 1 . . 2 . . . . . . . . . 4 1 Indirectly . | . . . . . . . . . . . . . . . . . Trap Hack Attempts . | . . . . . . . . . . . . . . . . . Triggered . | . . . . . . . . . . . . . . . . . Disarmed . | . . . . . . . . . . . . . . . . . Reprogrammed . | . . . . . . . . . . . . . . . . . Reused . | . . . . . . . . . . . . . . . . . Traps Extracted . | . . . . . . . . . . . . . . . . . Installed . | . . . . . . . . . . . . . . . . . Triggered . | . . . . . . . . . . . . . . . . . Machines | -11 -10 -10 -8 -8 -6 -6 -6 -6 -5 -5 -5 -5 -5 -4 -4 -3 ---------- Run | Yrd Mat Sub Rec Scr Fac Low Low Dat Pro Fac Upp Upp Zhi Pro Fac Res Machines Disabled 27 | . 3 1 . . 1 . 2 . 1 6 . 1 . . 11 1 Max in Single Turn 4 | . 2 1 . . 1 . 1 . 1 1 . 1 . . 4 1 Machines Repaired . | . . . . . . . . . . . . . . . . . Machines Dismantled . | . . . . . . . . . . . . . . . . . Machines Sabotaged . | . . . . . . . . . . . . . . . . . Overloaded Fab Kills . | . . . . . . . . . . . . . . . . . Hacking | -11 -10 -10 -8 -8 -6 -6 -6 -6 -5 -5 -5 -5 -5 -4 -4 -3 --------- Run | Yrd Mat Sub Rec Scr Fac Low Low Dat Pro Fac Upp Upp Zhi Pro Fac Res Machines Accessed 47 | . 8 3 11 1 5 . 2 4 . 4 1 . 5 . 2 1 Terminals 25 | . 6 . 6 . 5 . 1 . . 3 1 . . . 2 1 Fabricators . | . . . . . . . . . . . . . . . . . Repair Stations . | . . . . . . . . . . . . . . . . . Recycling Units 8 | . 2 . 5 . . . . . . 1 . . . . . . Scanalyzers . | . . . . . . . . . . . . . . . . . Garrison Access . | . . . . . . . . . . . . . . . . . Total Hacks 111 | . 11 5 22 1 8 . 6 29 . 6 1 . 18 . 3 1 Successful 96 | . 9 5 16 1 6 . 6 29 . 3 1 . 18 . 2 . Failed 15 | . 2 . 6 . 2 . . . . 3 . . . . 1 1 Catastrophic 3 | . 1 . . . . . . . . 1 . . . . 1 . Database Lockouts . | . . . . . . . . . . . . . . . . . Manual 36 | . 10 . 11 . 7 . . . . 6 . . . . 1 1 Terminals 40 | . 8 . 9 . 8 . 5 . . 5 1 . . . 3 1 Fabricators . | . . . . . . . . . . . . . . . . . Repair Stations . | . . . . . . . . . . . . . . . . . Recycling Units 17 | . 3 . 13 . . . . . . 1 . . . . . . Scanalyzers . | . . . . . . . . . . . . . . . . . Garrison Access . | . . . . . . . . . . . . . . . . . Terminal Hacks 64 | . 1 5 1 1 1 . 6 29 . . 1 . 18 . 1 . Record 27 | . . 3 . . . . 5 11 . . 1 . 6 . 1 . Part Schematic 13 | . . . . . . . . 9 . . . . 4 . . . Robot Schematic 6 | . . . . . . . . 6 . . . . . . . . Robot Analysis 4 | . . . . . . . . . . . . . 4 . . . Prototype ID Bank 8 | . . . 1 . . . . 3 . . . . 4 . . . Open Door 2 | . . 1 . . . . 1 . . . . . . . . . Locate Traps 2 | . 1 . . . 1 . . . . . . . . . . . Proto ID Catalog 2 | . . 1 . 1 . . . . . . . . . . . . Fabricator Hacks . | . . . . . . . . . . . . . . . . . Repair Station Hacks . | . . . . . . . . . . . . . . . . . Recycling Unit Hacks 7 | . 1 . 6 . . . . . . . . . . . . . Report Inventory 6 | . 1 . 5 . . . . . . . . . . . . . Retrieve Components 1 | . . . 1 . . . . . . . . . . . . . Scanalyzer . | . . . . . . . . . . . . . . . . . Garrison Access Hacks . | . . . . . . . . . . . . . . . . . Unauthorized Hacks 25 | . 7 . 9 . 5 . . . . 3 . . . . 1 . Terminals 18 | . 5 . 5 . 5 . . . . 2 . . . . 1 . Botnet 18 | . 5 . 5 . 5 . . . . 2 . . . . 1 . Fabricators . | . . . . . . . . . . . . . . . . . Repair Stations . | . . . . . . . . . . . . . . . . . Recycling Units 7 | . 2 . 4 . . . . . . 1 . . . . . . Tunnel 6 | . 2 . 4 . . . . . . . . . . . . . Fedlink 1 | . . . . . . . . . . 1 . . . . . . Scanalyzers . | . . . . . . . . . . . . . . . . . Garrison Access . | . . . . . . . . . . . . . . . . . Data Cores Recovered 4 | . 2 . . . . . . . . . . . . . 1 1 Used 1 | . . . . . . . . . . . . . . . 1 . Hacking Detections 15 | . 3 . 5 . 2 . . . . 3 . . . . 1 1 Full Trace Events 1 | . . . 1 . . . . . . . . . . . . . Feedback Events . | . . . . . . . . . . . . . . . . . Feedback Blocked . | . . . . . . . . . . . . . . . . . Robot Schematics Acquired 6 | . . . . . . . . 6 . . . . . . . . Robots Built . | . . . . . . . . . . . . . . . . . Authchips . | . . . . . . . . . . . . . . . . . Time . | . . . . . . . . . . . . . . . . . Total Robot Build Rating . | . . . . . . . . . . . . . . . . . Part Schematics Acquired 13 | . . . . . . . . 9 . . . . 4 . . . Parts Built . | . . . . . . . . . . . . . . . . . Authchips . | . . . . . . . . . . . . . . . . . Time . | . . . . . . . . . . . . . . . . . Total Part Build Rating . | . . . . . . . . . . . . . . . . . Parts Repaired . | . . . . . . . . . . . . . . . . . Time . | . . . . . . . . . . . . . . . . . Parts Recycled . | . . . . . . . . . . . . . . . . . Recycled Matter . | . . . . . . . . . . . . . . . . . Retrieved Matter . | . . . . . . . . . . . . . . . . . Retrieved Components 3 | . . . 3 . . . . . . . . . . . . . Parts Scanalyzed . | . . . . . . . . . . . . . . . . . Part Schematics Acquired . | . . . . . . . . . . . . . . . . . Parts Damaged . | . . . . . . . . . . . . . . . . . Bothacking | -11 -10 -10 -8 -8 -6 -6 -6 -6 -5 -5 -5 -5 -5 -4 -4 -3 ------------ Run | Yrd Mat Sub Rec Scr Fac Low Low Dat Pro Fac Upp Upp Zhi Pro Fac Res Used RIF Installer . | . . . . . . . . . . . . . . . . . Robots Hacked . | . . . . . . . . . . . . . . . . . Non-combat . | . . . . . . . . . . . . . . . . . Combat . | . . . . . . . . . . . . . . . . . Robot Hacks Applied . | . . . . . . . . . . . . . . . . . Relay Couplers Released 2 | . . . . . . . . . . . . . . . . 2 Programmers 2 | . . . . . . . . . . . . . . . . 2 Fabnet Peak Effective % . | . . . . . . . . . . . . . . . . . Robots Rewired 26 | . . . 22 . . 1 . . 2 . . 1 . . . . Allies Hacked . | . . . . . . . . . . . . . . . . . Hacks Repelled . | . . . . . . . . . . . . . . . . . Allies | -11 -10 -10 -8 -8 -6 -6 -6 -6 -5 -5 -5 -5 -5 -4 -4 -3 -------- Run | Yrd Mat Sub Rec Scr Fac Low Low Dat Pro Fac Upp Upp Zhi Pro Fac Res Total Allies 26 | . . . 22 . . 1 . . 2 . . 1 . . . . Largest Group 18 | . . . 18 18 18 2 2 . 2 1 . 1 1 1 . . Highest-Rated Group 321 | . . . 321 321 321 46 46 . 78 49 . 29 29 29 . . Highest-Rated Ally 49 | . . . 27 27 27 26 26 . 49 49 . 29 29 29 . . Total Orders 8 | . . . 4 2 2 . . . . . . . . . . . STAY 4 | . . . 2 1 1 . . . . . . . . . . . FOLLOW 4 | . . . 2 1 1 . . . . . . . . . . . Ally Attacks 142 | . . . 22 . 85 7 . . 9 1 . 17 . 1 . . Total Damage 2034 | . . . 188 . 1263 134 . . 281 30 . 115 . 23 . . Kills 17 | . . . 2 . 11 2 . . 2 . . . . . . . Allies Corrupted . | . . . . . . . . . . . . . . . . . Allies Melted 1 | . . . . . 1 . . . . . . . . . . . Intel | -11 -10 -10 -8 -8 -6 -6 -6 -6 -5 -5 -5 -5 -5 -4 -4 -3 ------- Run | Yrd Mat Sub Rec Scr Fac Low Low Dat Pro Fac Upp Upp Zhi Pro Fac Res Active Infowar (turns) . | . . . . . . . . . . . . . . . . . Robot Analysis Total 4 | . . . . . . . . . . . . . 4 . . . Derelict Logs Recovered 15 | . . 3 . 2 . 1 1 . 3 . 1 2 . 2 . . Drone Launches . | . . . . . . . . . . . . . . . . . Drone Recoveries . | . . . . . . . . . . . . . . . . . Exploration | -11 -10 -10 -8 -8 -6 -6 -6 -6 -5 -5 -5 -5 -5 -4 -4 -3 ------------- Run | Yrd Mat Sub Rec Scr Fac Low Low Dat Pro Fac Upp Upp Zhi Pro Fac Res Turns Passed 26510 | 63 1964 3791 2949 1942 2152 1408 1129 105 1736 2067 1248 1122 293 1519 1758 1264 Spaces Moved 17201 | 48 1408 1922 1675 1432 1366 969 802 87 1268 1263 1014 809 214 1160 1107 657 Core 1464 | 10 . 1294 160 . . . . . . . . . . . . . Treads 79 | . . . . . . . . . . . . . . . . 79 Legs 15413 | 38 1408 457 1441 1432 1366 969 802 87 1268 1263 1014 809 214 1160 1107 578 Wheels 245 | . . 171 74 . . . . . . . . . . . . . Hover . | . . . . . . . . . . . . . . . . . Flight . | . . . . . . . . . . . . . . . . . Fastest Speed 50 | 50 120 120 120 126 123 123 122 122 122 120 120 120 120 120 120 118 Average Speed 130 | 113 120 183 137 127 123 123 122 122 122 123 120 120 120 120 120 125 Slowest Speed 260 | 150 120 260 260 200 195 193 123 122 122 192 120 120 120 190 190 190 Overloaded Moves . | . . . . . . . . . . . . . . . . . Propulsion Burnouts . | . . . . . . . . . . . . . . . . . Robots Hopped 2 | . . . . . 2 . . . . . . . . . . . Potential Cave-ins . | . . . . . . . . . . . . . . . . . Cave-ins Triggered . | . . . . . . . . . . . . . . . . . Exploration Rate (%) 65 | 3 100 86 99 82 32 92 74 68 98 21 96 71 61 92 30 15 Regions Visited 16 Branch Regions 11 Pre-discovered Areas 16 | . 2 2 4 2 . 1 . 1 . . . 1 3 . . . Known Exits Taken 12 | . . . . 1 1 1 1 1 1 1 1 1 1 1 1 . Unknown Exits Taken 4 | 1 1 1 1 . . . . . . . . . . . . . Scrap Searched 29 | . . 12 . 2 . 3 2 . 1 . 3 3 . 3 . . Spaces Dug 14 | . 1 . . . . . . . 4 8 . . . . . 1 Terrain Destroyed 660 | . 45 130 13 . 1 10 18 . 34 118 7 52 . 38 138 56 Melee . | . . . . . . . . . . . . . . . . . Projectile 369 | . 1 . 13 . 1 10 18 . 34 73 7 52 . 38 66 56 AOE 291 | . 44 130 . . . . . . . 45 . . . . 72 . Terrain Rammed . | . . . . . . . . . . . . . . . . . Walls Destroyed . | . . . . . . . . . . . . . . . . . Machines Disabled . | . . . . . . . . . . . . . . . . . Actions | -11 -10 -10 -8 -8 -6 -6 -6 -6 -5 -5 -5 -5 -5 -4 -4 -3 --------- Run | Yrd Mat Sub Rec Scr Fac Low Low Dat Pro Fac Upp Upp Zhi Pro Fac Res Total 19936 | 53 1563 2105 2228 1544 1753 1101 882 86 1377 1575 1031 870 251 1232 1367 918 Wait 1109 | . 50 61 168 104 303 35 25 . 30 113 . 15 19 16 79 91 Move 17182 | 47 1407 1921 1674 1431 1362 968 801 86 1267 1262 1013 808 213 1159 1106 657 Hop 1 | . . . . . 1 . . . . . . . . . . . Pick Up 17 | . 2 1 1 1 2 . . . . 5 1 . . . 1 3 Fast Attach 82 | 5 6 8 8 3 9 6 2 . 2 12 . . 7 2 8 4 Attach 17 | . . 1 1 . . 2 1 . 1 3 . . 3 . 3 2 Detach 29 | . . 3 . 3 . 2 1 . 3 2 . . 3 1 8 3 Swap 11 | . 2 . . . . . 1 . . 6 2 . . . . . Drop 71 | . 6 8 5 2 7 4 2 . . 12 1 1 6 1 6 10 Fire 552 | . 60 61 43 . 29 38 28 . 32 74 5 33 . 20 63 66 Melee . | . . . . . . . . . . . . . . . . . Ram 4 | . . . 4 . . . . . . . . . . . . . Kick 71 | 1 4 . 60 . 2 . . . . 3 . . . . 1 . Crush 1 | . . . . . . . . . . . . . . . . 1 Escape Stasis 2 | . . . . . . . . . . . . . . . 2 . Rewire 224 | . . . 207 . . 10 . . 4 . . 3 . . . . Trap . | . . . . . . . . . . . . . . . . . Miscellaneous 563 | . 26 41 57 . 38 36 21 . 38 83 9 10 . 33 90 81 Route ------- -11/Scrapyard -10/Materials (discovered 6 exits: [*Mat x3] / [*Min x2] / *Sub) -10/Subcaves (discovered 3 exits: [*Mat x2] / *Rec) -8/Recycling (discovered 2 exits: *Fac / *Scr) -8/Scraptown (discovered 2 exits: *Fac x2) -6/Factory (discovered 2 exits: Fac / *Low) -6/Lower Caves -6/Lower Caves -6/Data Miner -5/Proximity Caves -5/Factory (discovered 3 exits: *Fac / *Upp / Ext) -5/Upper Caves -5/Upper Caves -5/Zhirov -4/Proximity Caves -4/Factory -3/Research (discovered 2 exits: Res / Qua) History --------- Turn | Location | Event 1 | -11/Scrapyard | Upgraded with Propulsion slot (x1) 1 | -11/Scrapyard | Upgraded with Weapon slot (x1) 16 | -11/Scrapyard | Discovered new exit (range 15) 64 | -11/Scrapyard | Entered Materials 261 | -10/Materials | Discovered new exit (range 9) 307 | -10/Materials | Build established: Mutant 381 | -10/Materials | Discovered new exit (range 3) 505 | -10/Materials | Discovered new exit (range 16) 779 | -10/Materials | Discovered new exit (range 15) 954 | -10/Materials | Discovered new exit (range 8) 1073 | -10/Materials | Reached level 2 2010 | -10/Materials | Discovered new exit (range 12) 2028 | -10/Materials | Entered Subcaves 2030 | -10/Subcaves | Reached level 3 2030 | -10/Subcaves | Learned Materials emergency access door positions 2134 | -10/Subcaves | Upgraded with Utility slot (x1) 2152 | -10/Subcaves | Upgraded with Utility slot (x1) 2288 | -10/Subcaves | Upgraded with Utility slot (x1) 2323 | -10/Subcaves | A swath of the cavern ceiling suddenly collapsed 2471 | -10/Subcaves | A Subdweller sparked back to life 2471 | -10/Subcaves | A Subdweller sparked back to life 2595 | -10/Subcaves | Build established: Subdweller-Mutant 3110 | -10/Subcaves | A swath of the cavern ceiling suddenly collapsed 3253 | -10/Subcaves | Discovered new exit (range 12) 3255 | -10/Subcaves | Learned Materials stockpile data 3544 | -10/Subcaves | Discovered new exit (range 13) 3749 | -10/Subcaves | Discovered new exit (range 10) 4225 | -10/Subcaves | Shifting Twisted Machinery released Sub. Laser 4959 | -10/Subcaves | Visited Clippyterm 4965 | -10/Subcaves | Learned location of Deep Caves (-7) 5089 | -10/Subcaves | Learned location of Zion (-7) 5318 | -10/Subcaves | Visited 4L-MR0's lab 5819 | -10/Subcaves | Entered Recycling 5821 | -8/Recycling | Reached level 4 6214 | -8/Recycling | Upgraded with Weapon slot (x1) 6249 | -8/Recycling | Reached level 5 6443 | -8/Recycling | Upgraded with Propulsion slot (x1) 6510 | -8/Recycling | Build established: Commander-Tank 6962 | -8/Recycling | Build established: Commander-Gunner 7265 | -8/Recycling | Discovered new exit (range 16) 8093 | -8/Recycling | Reached level 6 8184 | -8/Recycling | Upgraded with Utility slot (x1) 8206 | -8/Recycling | Build established: Commander-Tank 8674 | -8/Recycling | Scanned before Scraplab entrance 8695 | -8/Recycling | Entered Scraplab 8705 | -8/Recycling | Discovered new exit (range 4) 8768 | -8/Recycling | Entered Scraptown 8768 | -8/Scraptown | Accompanied by 18 allies 8838 | -8/Scraptown | Heard Great Nut preacher, LISTEN AND RECITE! 8894 | -8/Scraptown | Visited UFD Registry 8894 | -8/Scraptown | Registered with UFD as "Fluxnade" 8971 | -8/Scraptown | Scanned Subdweller tech in exchange for log data 8975 | -8/Scraptown | Learned location of 1 exit from Factory 8976 | -8/Scraptown | Learned location of Quarantine (-3) 9214 | -8/Scraptown | Delivered Scrap Shield to a Scientist 9341 | -8/Scraptown | Visited Abandonware Association 9365 | -8/Scraptown | Visited Chapter 10 9391 | -8/Scraptown | Received an X-ray algorithm 9404 | -8/Scraptown | Visited Derelict Rescue Squad 9449 | -8/Scraptown | Visited Science Guys 9500 | -8/Scraptown | Visited Scrapoid Research Area 9526 | -8/Scraptown | Visited Infowarlord's Domain 9537 | -8/Scraptown | Found Exp. Signal Interpreter 9572 | -8/Scraptown | Visited A0-MCA Data Center 9581 | -8/Scraptown | Given a B+ rating by A0-MCA 9601 | -8/Scraptown | Visited Cartography Club 9628 | -8/Scraptown | Visited Scrapoid Pod Storage 9716 | -8/Scraptown | Discovered new exit (range 5) 10447 | -8/Scraptown | Discovered new exit (range 13) 10531 | -8/Scraptown | Visited Awakened 10676 | -8/Scraptown | Identified exit to Factory 10710 | -8/Scraptown | Entered Factory 10710 | -6/Factory | Accompanied by 18 allies 10711 | -6/Factory | Identified exit to Factory 10712 | -6/Factory | Reached level 7 11256 | -6/Factory | Reached level 8 11475 | -6/Factory | Upgraded with Weapon slot (x1) 11808 | -6/Factory | Lost 3 allies 12242 | -6/Factory | Spotted B-75 Beast 12242 | -6/Factory | Reached level 9 12264 | -6/Factory | Destroyed B-75 Beast 12293 | -6/Factory | Lost 7 allies 12350 | -6/Factory | Lost 3 allies 12573 | -6/Factory | Reached level 10 12622 | -6/Factory | Build established: Tank 12679 | -6/Factory | Discovered new exit (range 13) 12695 | -6/Factory | Identified exit to Lower Caves 12862 | -6/Factory | Entered Lower Caves 12862 | -6/Lower Caves | Accompanied by 1 ally 12864 | -6/Lower Caves | UFD Scientist delivered a prototype 12895 | -6/Lower Caves | Found Prototype Protection 12895 | -6/Lower Caves | Identified Enh. Scrap Shield 12896 | -6/Lower Caves | Upgraded with Utility slot (x1) 13164 | -6/Lower Caves | Build established: Gunner 13223 | -6/Lower Caves | Attracted the attention of an 0b10 outpost 13438 | -6/Lower Caves | Encountered a Warlord checkpoint 13479 | -6/Lower Caves | Reached level 11 13487 | -6/Lower Caves | Upgraded with Power slot (x1) 13958 | -6/Lower Caves | Discovered new exit (range 15) 14004 | -6/Lower Caves | Identified exit to Lower Caves 14270 | -6/Lower Caves | Entered another Lower Caves area 14270 | -6/Lower Caves | Accompanied by 2 allies 14272 | -6/Lower Caves | Reached level 12 14273 | -6/Lower Caves | Upgraded with Propulsion slot (x1) 14409 | -6/Lower Caves | Attacked by a faux Warlord 14649 | -6/Lower Caves | Attracted the attention of an 0b10 base 14672 | -6/Lower Caves | Core integrity fell below 50% 14708 | -6/Lower Caves | Destroyed 7 combat bots 14724 | -6/Lower Caves | Learned Factory trap positions 14740 | -6/Lower Caves | Learned Factory emergency access door positions 14847 | -6/Lower Caves | Reached level 13 15266 | -6/Lower Caves | Discovered new exit (range 15) 15284 | -6/Lower Caves | Identified exit to Data Miner 15399 | -6/Lower Caves | Entered Data Miner 15399 | -6/Data Miner | Discovered new exit (range 6) 15408 | -6/Data Miner | Identified exit to Proximity Caves 15429 | -6/Data Miner | Met Data Miner 15465 | -6/Data Miner | Learned location of Section 7 (-3) 15465 | -6/Data Miner | Acquired the access code to Warlord's prototype stash 15476 | -6/Data Miner | Received God Mode back door access code from Data Miner 15504 | -6/Data Miner | Entered Proximity Caves 15506 | -5/Proximity Caves | Reached level 14 15867 | -5/Proximity Caves | Received a Behemoth hack from an annoying Tinkerer 16027 | -5/Proximity Caves | Learned Factory stockpile data 16310 | -5/Proximity Caves | Discovered exit to Factory (range 15) 16324 | -5/Proximity Caves | Learned location of 1 exit from Factory 16470 | -5/Proximity Caves | Reached level 15 16534 | -5/Proximity Caves | Learned Factory emergency access door positions 16903 | -5/Proximity Caves | Attracted the attention of an 0b10 outpost 17240 | -5/Proximity Caves | Entered Factory 17240 | -5/Factory | Accompanied by 1 ally 17241 | -5/Factory | Identified exit to Extension 17242 | -5/Factory | Loaded intel: 120 trap records 17242 | -5/Factory | Reached level 16 17250 | -5/Factory | Upgraded with Utility slot (x1) 17340 | -5/Factory | Reached level 17 17378 | -5/Factory | Discovered new exit (range 4) 17382 | -5/Factory | Identified exit to Factory 17878 | -5/Factory | Upgraded with Propulsion slot (x1) 17968 | -5/Factory | Reached level 18 18207 | -5/Factory | Loaded intel: 8 recycling unit locations 18451 | -5/Factory | Cargo convoy interrupted 18588 | -5/Factory | Reached level 19 18709 | -5/Factory | Upgraded with Weapon slot (x1) 18741 | -5/Factory | Discovered new exit (range 13) 18771 | -5/Factory | Reached level 20 18775 | -5/Factory | Upgraded with Power slot (x1) 18803 | -5/Factory | Identified exit to Upper Caves 18827 | -5/Factory | Core integrity fell below 50% 18918 | -5/Factory | Core integrity fell below 20% 19040 | -5/Factory | First assault squad dispatched 19058 | -5/Factory | Incoming assault squad redirected 19069 | -5/Factory | Incoming assault squad redirected 19071 | -5/Factory | Build established: Scavenger-Gunner 19156 | -5/Factory | Reached level 21 19307 | -5/Factory | Entered Upper Caves 19346 | -5/Upper Caves | Learned Factory terminal intel 19451 | -5/Upper Caves | Attracted the attention of an 0b10 checkpoint 19673 | -5/Upper Caves | Encountered a Warlord checkpoint 20536 | -5/Upper Caves | Discovered new exit (range 7) 20544 | -5/Upper Caves | Identified exit to Upper Caves 20555 | -5/Upper Caves | Entered another Upper Caves area 20585 | -5/Upper Caves | Attracted the attention of an 0b10 outpost 20619 | -5/Upper Caves | Reached level 22 20659 | -5/Upper Caves | Destroyed 13 combat bots 20792 | -5/Upper Caves | Attracted the attention of an 0b10 checkpoint 20872 | -5/Upper Caves | Destroyed 10 combat bots 20886 | -5/Upper Caves | Encountered an infested base 21098 | -5/Upper Caves | Learned Factory garrison access intel 21150 | -5/Upper Caves | Build established: Gunner 21512 | -5/Upper Caves | Discovered new exit (range 9) 21524 | -5/Upper Caves | Identified exit to Zhirov 21677 | -5/Upper Caves | Entered Zhirov 21677 | -5/Zhirov | Accompanied by 1 ally 21677 | -5/Zhirov | Discovered new exit (range 3) 21681 | -5/Zhirov | Identified exit to Proximity Caves 21730 | -5/Zhirov | Learned location of Command (-1) 21786 | -5/Zhirov | Found Alien Artifact 21786 | -5/Zhirov | Identified Integrated Reactor 21786 | -5/Zhirov | Installed Integrated Reactor, increased core energy generation (+10) 21825 | -5/Zhirov | Upgraded with Utility slot (x1) 21970 | -5/Zhirov | Entered Proximity Caves 21970 | -4/Proximity Caves | Accompanied by 1 ally 21972 | -4/Proximity Caves | Reached level 23 22154 | -4/Proximity Caves | Learned location of 2 exits from Research 22473 | -4/Proximity Caves | Learned Research interactive machine intel 22492 | -4/Proximity Caves | Attracted the attention of an 0b10 checkpoint 22955 | -4/Proximity Caves | Spotted B-86 Titan 22957 | -4/Proximity Caves | Destroyed B-86 Titan 23073 | -4/Proximity Caves | Discovered exit to Factory (range 6) 23489 | -4/Proximity Caves | Entered Factory 23490 | -4/Factory | Identified exit to Research 23491 | -4/Factory | Reached level 24 23492 | -4/Factory | Loaded intel: 25 terminal locations 23493 | -4/Factory | Loaded intel: 4 garrison access locations 24030 | -4/Factory | Reached level 25 24075 | -4/Factory | Destroyed 12 combat bots 24239 | -4/Factory | First assault squad dispatched 24322 | -4/Factory | Destroyed 7 combat bots 24608 | -4/Factory | Garrison activated, responded to threat 24663 | -4/Factory | Build established: Scavenger-Gunner 25096 | -4/Factory | Reached level 26 25138 | -4/Factory | Spotted B-86 Titan 25154 | -4/Factory | Destroyed B-86 Titan 25247 | -4/Factory | Entered Research 25248 | -3/Research | Identified exit to Quarantine 25248 | -3/Research | Identified exit to Research 25249 | -3/Research | Loaded intel: 45 interactive machine locations 25497 | -3/Research | First assault squad dispatched 25528 | -3/Research | Reached level 27 25927 | -3/Research | Destroyed 8 combat bots 26210 | -3/Research | Reached level 28 26431 | -3/Research | Build established: Gunner 26434 | -3/Research | Spotted B-86 Titan 26478 | -3/Research | Destroyed B-86 Titan 26494 | -3/Research | Spotted Striker 26495 | -3/Research | Cargo convoy interrupted 26502 | -3/Research | Core integrity fell below 50% 26509 | -3/Research | Core integrity fell below 20% 26511 | -3/Research | Destroyed by P-80 Master with Gamma Rifle Last Messages --------------- 26503_ Adv. Corruption Screen intercepted 1% system corruption. 26503_ U-05 Engineer builds a Wall. 26504_ P-80 Master destroyed. 26504_ Slug penetrates Wall. 26504_ U-05 Engineer builds a Wall. 26504_ Penetrated by Slug. 26504_ Slug penetrates U-05 Engineer. 26504_ Adv. Corruption Screen intercepted 1% system corruption. 26506_ U-05 Engineer builds a Wall. 26506_ K-01 Serf collects debris. 26506_ U-05 Engineer builds a Wall. 26506_ Adv. Corruption Screen intercepted 1% system corruption. 26507_ U-05 Engineer builds a Wall. 26508_ Penetrated by Slug. 26508_ Slug penetrates Wall. 26508_ U-05 Engineer destroyed. 26508_ U-05 Engineer builds a Wall. 26510_ K-01 Serf collects debris. 26510_ Critical hit (Impale). 26511_ Adv. Corruption Screen intercepted 1% system corruption. Map ----- +----------------------------------------------------+ | ?????????????????????????????????????????????????? | | ?????????????????????????????????????????????????? | | ??????????????????????? % ????????????????????? | | ?????????????????????? ??????????????????? | | ?????????????????????? "?????????????????? | | ??????????????????????# "?????????????????? | | ??????????????????????# ??????????????????? | | ??????????????????????# ??????????????????? | | ??????????????????????# % ???????????????????? | | ??????????????????????# ???????????????????? | | ??????????????????????/ ????????????????????? | | ??????????????????????# %u????????????????????? | | ???????????????""T""??#m %%#????????????????????? | | ???????????????"""""??# u #????????????????????? | | ?????????????Y????????# %#????????????????????? | | ???????????h??????????# u #????????????????????? | | ????????????x?????????#* u =#????????????????????? | | ???????????????######## %%%%#????????????????????? | | ???????????" u %%% %#???????????????#????? | | ??????????????########"#%%u=#??????????????? ????? | | ???????????????????######u%###????????#?##?#"????? | | ???????????????????# %%ei] #????????# ? ????? | | ???????????????????# =i[= #????????#! ? ##### | | ???????????????????# =hhp% #????????# # | | ??????????????????## k pKuA #????????# # | | ??????????????????## @ #????????? #! = | | ??????????????????## u% #?????????? # | | ??????????????????## %u % #?????????###+### | | ??????????????????## =u ###???????# ##+## | | ???????????????????#######+### #???????# %%%[% | | ?????????????????????# #?#%## #?????? # % ! | | ?????????????????????#####=#####??????## % %! | | ?????????????????????# %%!% ##??????# %##### | | ?????????????????????# %u "#??????### ####### | | ?????????????????????# ##????????# # # | | ????????????????????## %!! #?????????# # # | | ????????????????????# %! #?????????# # = [ # | | ????????????????????## #?????????# # # | | ?????????????????????# % % #??????#+## ##+#### | | ?????????????????????# % #??????# #??? | | ?????????????????????#####+##########?# #??? | | ???????????????????????#% % =# ### #??? | | ???????????????# ##### "" # + #??? | | ???????????????+ T +% ### ##+#####?? | | ???????????????# ##### % #/ ### # #?? | | ????????????????????# # % ]# #?# # #?? | | ???????????????????# ##### ### #?# # #?? | | ?????????????????????????# #?########?# # #?? | | ?????????????????????????# #??????????# # #?? | | ?????????????????????????# #??????????# # ! #?? | +----------------------------------------------------+ Best States ------------- Heat Dissipation 139 Energy Generation 62 Energy Capacity 1050 Matter Stores 450 Matter Capacity 450 Sight Range 16 Robot Scan Range 18 Terrain Scan Density 10 Base Temperature (-) 200 Corruption Block 20 Armor Coverage 1600 Resistance: KI 20 Resistance: TH 25 Resistance: EM 15 Evasion (%) 55 Recoil Reduction 3 Matter Filtering 50 Particle Charging 35 Item Schematics ----------------- Combat Drone Bay | -6/Data Miner | Free Lgt. Regenerative Plating | -6/Data Miner | Free Cld. Gravmag System | -6/Data Miner | Free Prc. Energy Filter | -6/Data Miner | Free Imp. Linear Gravjet | -6/Data Miner | Free Adv. Particle Charger | -6/Data Miner | Free Plasma Sword | -6/Data Miner | Free Adv. Power Amplifier | -6/Data Miner | Free Matter Neutralizer | -6/Data Miner | Free Assault Drone Bay | -5/Zhirov | Free Exp. Heat Sink | -5/Zhirov | Free Exp. Optical Array | -5/Zhirov | Free Imp. Arc Thrower | -5/Zhirov | Free Robot Schematics ------------------ B-60 Warrior | -6/Data Miner | Free Y-54 Guardian | -6/Data Miner | Free L-41 Fighter | -6/Data Miner | Free G-50 Soldier | -6/Data Miner | Free A-27 Freighter | -6/Data Miner | Free L-61 Swordsman | -6/Data Miner | Free Fabricated ------------ Nothing Repaired ---------- Nothing Alien Tech Used ----------------- Integrated Reactor Achievements -------------- Dramatic Entrance Overkill Challenges ------------ None RPGLIKE | -11 -10 -10 -8 -8 -6 -6 -6 -6 -5 -5 -5 -5 -5 -4 -4 -3 --------- Run | Yrd Mat Sub Rec Scr Fac Low Low Dat Pro Fac Upp Upp Zhi Pro Fac Res Levels Raised 27 | . 1 1 3 . 4 1 2 . 2 6 . 1 . 1 3 2 XP Earned 44353 | 3000 2825 1600 3467 650 5121 2543 2200 650 3293 7945 434 1321 170 1964 3417 3753 XP Spent 39195 | 2750 . 3100 3500 1100 4250 3300 1300 . 870 11275 . . 2300 250 3600 1600 Upgrades 79 | 6 . 5 4 8 14 3 2 . 3 23 . . 1 1 8 1 Power Slot 2 | . . . . . . 1 . . . 1 . . . . . . Propulsion Slot 4 | 1 . . 1 . . . 1 . . 1 . . . . . . Utility Slot 7 | . . 3 1 . . 1 . . . 1 . . 1 . . . Weapon Slot 4 | 1 . . 1 . 1 . . . . 1 . . . . . . Core Integrity 11 | . . . . . . . . . . 11 . . . . . . Heat Dissipation 19 | . . . . . 11 . . . 3 5 . . . . . . Mass Support 4 | . . 2 . . . 1 . . . . . . . . . 1 Inventory Capacity 2 | 1 . . 1 . . . . . . . . . . . . . Sensor Range 9 | . . . . 8 . . . . . . . . . 1 . . Ranged Accuracy 8 | 3 . . . . 2 . . . . 3 . . . . . . KI Resistance % 4 | . . . . . . . . . . . . . . . 4 . TH Resistance % 4 | . . . . . . . . . . . . . . . 4 . TH Damage % 1 | . . . . . . . 1 . . . . . . . . . Protomatter Created 5820 | . 235 251 435 . 269 475 280 . 303 996 63 304 . 384 978 847 Integrity Restored 11399 | . 519 556 1162 . 777 691 455 . 755 1715 182 189 . 738 1949 1711 Core 7622 | . 435 517 122 . 394 420 413 . 375 1290 29 189 . 738 1351 1349 Parts 3777 | . 84 39 1040 . 383 271 42 . 380 425 153 . . . 598 362 Protomatter Decayed 1720 | . 57 206 75 . 167 237 84 . 47 432 . 3 . 61 288 63 Game ------ Seed ShieldGravityPropulsion Manual? 0 Play Time 03:50:20 Cumulative 135.6 hours Start 2025.08.31 @ 00:04:21 End 2025.08.31 @ 04:19:28 Sessions 1 Manual Loads 0 Difficulty Rogue Special Mode Winter2019/RPGLIKE Game No. 60 Rogue 56 Adventurer 4 Explorer 0 Win Type - Total 1 Types 1/0/0/0/0/0/0/0/0/0 Lore% 59 Gallery% 47 Achievement% 52 Wizard Run 0 Options --------- Layout 0 ASCII 0 Keyboard 0 Movement Arrows Keybinds 0 Fullscreen 2 Font 32/SmallcapsGlow Map View 88x55 Zoom Use 0% Tactical HUD 1 Map Filters NONE Filters NONE Steam 1 RUN: 9e0cfbe4-6921-4b54-b5f3-2e55862881b9